 Dungeon Crawl Stone Soup version 0.29.1-15-g9cfb28693d (webtiles) character file.

Game seed: 7566500045249413182

6 flotson the Sneak (level 1, 0/18 HPs)
             Began as a Demonspawn Delver on Apr 1, 2023.
             Slain by Ijyb
             ... wielding a +2 dagger of flaming
              (2 damage)
             ... on level 3 of the Dungeon.
             The game lasted 00:00:56 (414 turns).

flotson the Sneak (Demonspawn Delver)                Turns: 414, Time: 00:00:56

Health: 0/18       AC:  3    Str: 12    XL:     1   Next: 75%
Magic:  1/1        EV: 11    Int: 11    God:
Gold:   11         SH:  0    Dex: 14    Spells: 0/0 levels left

rFire   . . .      SeeInvis .   a - +0 hand axe
rCold   . . .      Faith    .   (no shield)
rNeg    . . .      Spirit   .   b - +0 leather armour
rPois   .          Reflect  .   (no helmet)
rElec   .          Harm     .   (no cloak)
rCorr   .          Rampage  .   (no gloves)
Will    .....                   (no boots)
Stlth   ++........              (no amulet)
HPRegen 0.06/turn               (no ring)
MPRegen 0.07/turn               (no ring)

@: hasted, very quick
A: no striking features
a: no special abilities


You were on level 3 of the Dungeon.
You visited 1 branch of the dungeon, and saw 3 of its levels.

You collected 11 gold pieces.

Inventory:

Hand Weapons
 a - a +0 hand axe (weapon)
Armour
 b - a +0 leather armour (worn)
Wands
 g - a wand of digging (3)
Scrolls
 c - a scroll of fog
 d - a scroll of magic mapping
 e - a scroll of fear
 h - a scroll of enchant weapon {unknown}


   Skills:
 + Level 3.1 Fighting
 - Level 1.7 Axes
 + Level 0.3 Armour
 + Level 1.9 Dodging
 - Level 4.5 Stealth
 + Level 0.4 Evocations


You couldn't memorise any spells.
You didn't know any spells.
Your spell library was empty.

Dungeon Overview and Level Annotations

Branches:
Dungeon (5/15)
 Temple: D:4-7

Altars:
Uskayaw

Annotations:
D:3 Ijyb


Message History

* * * LOW HITPOINT WARNING * * *
You hit the endoplasm.
The endoplasm is almost dead.
The endoplasm closely misses you.
You hit the endoplasm.
You kill the endoplasm!
A hound is nearby!
Found a hide-covered altar of Uskayaw.
Found a stone staircase leading down.
A hound is nearby!
HP restored.
Found 2 stones.
Found a stone staircase leading up.
You now have 11 gold pieces.
h - a scroll labelled KURAIK YRCHACAM
There is a stone staircase leading up here.
You climb upwards.
Ijyb shouts!
Found a potion of haste, a clear potion and a notched peridot ring.
There is a stone staircase leading down here.
Press: ? - help, v - describe, . - travel A stone staircase leading down.
Press: ? - help, v - describe, . - travel
Here: Ijyb, wielding a +2 dagger of flaming, wearing a +0 chain mail and carrying a wand of iceblast (8)
The floor.
Unknown command.
Unknown command.
You feel yourself speed up. Ijyb closely misses you.
You hit Ijyb but do no damage. You closely miss Ijyb.
Ijyb hits you with a +2 dagger of flaming!
Ijyb burns you.
You barely miss Ijyb.
Ijyb hits you with a +2 dagger of flaming.
Ijyb burns you.
You barely miss Ijyb.
Ijyb hits you with a +2 dagger of flaming.
* * * LOW HITPOINT WARNING * * *
Ijyb burns you.
You die...

## ##8###8
######8.=.8..
###..!##.......
......#@g......
###.####..!....
###8...8..
##8###8 ##


You could see Ijyb.

Vanquished Creatures
  An orc (D:4)
  A ball python (D:4)
  An endoplasm (D:4)
  A goblin (D:4)
4 creatures vanquished.

Notes
Turn   | Place    | Note
-------+----------+-------------------------------------------
     0 | D:5      | flotson the Demonspawn Delver began the quest for the Orb.
     0 | D:5      | Reached XP level 1. HP: 18/18 MP: 1/1
    16 | D:5      | Noticed an ogre
    69 | D:4      | Noticed a hound
   186 | D:4      | Found a hide-covered altar of Uskayaw.
   408 | D:3      | Noticed Ijyb
   414 | D:3      | Slain by Ijyb

Illustrated notes

Levels and vault maps discovered:
D:3:      layout_loops_ring, grunt_temple_overflow_magic_moments,
          nicolae_overflow_hidden_temple,
          mainiacjoe_overflow_concentric_impassable, serial_shops,
          nicolae_shop_overgrown_old_shop, kennysheep_cluttered_room,
          uniq_jessica, uniq_ijyb
D:4:      layout_basic, nicolae_uskayaw_suspiria, kennysheep_cross_bottleneck
D:5:      layout_gridville, gammafunk_ghost_nasty_kobolds, minmay_mini_ossuary,
          uniq_prince_ribbit1

Action                   || total
-------------------------++-------
Melee: Hand axe          ||    19
  Use: Potion            ||     1
 Stab: Sleeping          ||     1
Armor: Leather armour    ||     3
Dodge: Dodged            ||     8
